Map: Proxima Station LE

Players

Probe

  • Race: Protoss Protoss
  • Spawn Location: 7:00

Neeb - Winner!

  • Race: Protoss Protoss
  • Spawn Location: 1:00

Event: WCS Valencia 2017

VOD

Have the link to the VOD?

Description

Time

  • Played on: July 14, 2017, 1:33 p.m.
  • Length: 10:25

All games in this series

Show
View Real Time Build Order
Export as new Build Order

Probe Protoss 

Build Orders: Zealot Archon, Dark Templar Rush 

Get SALT Encoding   

  12  0:00  Probe (Chrono Boost)  
  13  0:11  Probe (Chrono Boost)  
  14  0:17  Pylon  
  14  0:22  Probe (Chrono Boost)  
  16  0:35  Probe (Chrono Boost)  
  16  0:38  Gateway  
  16  0:43  Assimilator  
  16  0:46  Probe (Chrono Boost)  
  17  0:53  Assimilator  
  17  0:57  Probe (Chrono Boost)  
  18  1:03  Pylon  
  18  1:07  Probe (Chrono Boost)  
  19  1:18  Probe (Chrono Boost)  
  20  1:25  Cybernetics Core  
  20  1:28  Probe (Chrono Boost)  
  21  1:34  Pylon  
  21  1:39  Probe (Chrono Boost)  
  22  1:49  Probe (Chrono Boost)  
  23  2:00  Probe (Chrono Boost)  
  23  2:01  Stalker (Chrono Boost), Warp Gate (Chrono Boost)  
  26  2:12  Twilight Council  
  26  2:30  Robotics Facility  
  26  2:39  Probe  
  27  2:49  Gateway  
  26  2:51  Dark Shrine  
  26  2:52  Probe  
  27  3:04  Mothership Core  
  29  3:16  Warp Prism (Chrono Boost)  
  29  3:19  Stalker  
  33  3:26  Probe  
  34  3:30  Pylon  
  34  3:59  Nexus  
  34  4:05  Dark Templar  
  36  4:15  Dark Templar  
  38  4:21  Probe  
  39  4:26  Archon  
  39  4:31  Blink (Chrono Boost)  
  39  4:33  Probe  
  40  4:44  Stalker  
  40  4:45  Probe  
  43  4:49  Pylon  
  43  4:57  Probe  
  44  5:01  Stalker  
  46  5:09  Probe x2  
  48  5:18  Pylon  
  48  5:20  Probe  
  48  5:21  Probe  
  48  5:24  Observer (Chrono Boost)  
  51  5:33  Probe x2  
  53  5:45  Probe x2  
  53  5:46  Sentry  
  53  5:47  Sentry  
  59  5:57  Probe, Nexus  
  56  5:58  Probe  
  56  6:02  Pylon  
  58  6:10  Probe x2 (Chrono Boost)  
  60  6:15  Pylon  
  60  6:20  Probe (Chrono Boost)  
  60  6:23  Probe (Chrono Boost), Gateway x2  
  62  6:27  Gateway  
  62  6:32  Gateway  
  62  6:35  Probe (Chrono Boost), Gateway  
  62  6:37  Probe (Chrono Boost)  
  64  6:42  Sentry x2  
  68  6:47  Probe x2 (Chrono Boost)  
  68  6:49  Pylon  
  69  6:58  Probe (Chrono Boost), Assimilator x2  
  69  6:59  Probe (Chrono Boost)  
  72  7:08  Probe (Chrono Boost)  
  72  7:11  Probe (Chrono Boost)  
  72  7:12  Probe (Chrono Boost)  
  74  7:17  Pylon  
  74  7:18  Adept  
  74  7:19  Probe (Chrono Boost)  
  74  7:21  Stalker x2  
  82  7:23  Probe x2 (Chrono Boost)  
  82  7:29  Probe (Chrono Boost)  
  84  7:35  Probe (Chrono Boost)  
  84  7:36  Probe (Chrono Boost)  
  86  7:39  Stalker x2  
  86  7:40  Probe (Chrono Boost)  
  91  7:46  Probe (Chrono Boost)  
  91  7:47  Probe (Chrono Boost)  
  91  7:50  Probe (Chrono Boost)  
  94  7:54  Forge  
  94  7:57  Probe (Chrono Boost), Gateway  
  94  7:59  Observer  
  95  8:06  Pylon  
  95  8:08  Pylon  
  95  8:09  Stalker  
  95  8:10  Stalker x3  
  103  8:14  Pylon  
  103  8:17  Charge  
  102  8:21  Probe (Chrono Boost)  
  102  8:22  Observer  
  104  8:27  Protoss Ground Weapons Level 1  
  104  8:29  Robotics Facility  
  104  8:31  Probe (Chrono Boost)  
  104  8:32  Probe (Chrono Boost), Assimilator x2  
  106  8:37  Photon Cannon  
  106  8:40  Photon Cannon  
  106  8:45  Probe x2 (Chrono Boost)  
  106  8:47  Dark Templar  
  106  8:48  Dark Templar  
  112  8:53  Archon  
  112  9:01  Stalker  
  112  9:03  Stalker x3  
  112  9:06  Pylon  
  118  9:10  Pylon  
  117  9:19  Stalker x2  
  118  9:28  Stalker  
  118  9:29  Stalker x3  
  110  9:45  Probe (Chrono Boost)  
  100  9:48  Dark Templar x3  
  100  9:51  Probe (Chrono Boost)  
  82  9:57  Dark Templar  
  82  9:58  Probe (Chrono Boost)  
  68  10:01  Probe (Chrono Boost)  
  68  10:08  Probe (Chrono Boost)  
  68  10:09  Nexus  
  68  10:13  Probe (Chrono Boost)  
Show
View Real Time Build Order
Export as new Build Order

Neeb Protoss - Winner!

Build Orders:  

Get SALT Encoding   

  12  0:00  Probe (Chrono Boost)  
  13  0:11  Probe (Chrono Boost)  
  14  0:17  Pylon  
  14  0:22  Probe (Chrono Boost)  
  16  0:35  Probe (Chrono Boost)  
  16  0:37  Gateway  
  16  0:44  Pylon  
  16  0:48  Probe (Chrono Boost)  
  17  0:53  Assimilator  
  17  0:59  Probe (Chrono Boost)  
  17  1:02  Assimilator  
  18  1:09  Probe (Chrono Boost)  
  19  1:20  Probe (Chrono Boost)  
  19  1:24  Cybernetics Core  
  20  1:30  Probe (Chrono Boost)  
  21  1:41  Probe (Chrono Boost)  
  22  1:51  Probe (Chrono Boost)  
  23  1:59  Nexus  
  23  2:03  Mothership Core (Chrono Boost)  
  23  2:05  Warp Gate (Chrono Boost)  
  25  2:15  Stalker (Chrono Boost)  
  27  2:21  Probe (Chrono Boost)  
  28  2:25  Pylon  
  28  2:33  Probe  
  29  2:43  Stalker (Chrono Boost)  
  31  2:45  Probe  
  32  2:57  Probe, Robotics Facility  
  33  3:09  Probe  
  33  3:10  Probe, Stalker (Chrono Boost)  
  37  3:25  Pylon  
  39  3:29  Gateway  
  39  3:33  Gateway  
  37  3:38  Stalker (Chrono Boost)  
  39  3:43  Observer (Chrono Boost)  
  40  3:51  Pylon  
  40  3:52  Probe  
  40  3:54  Pylon  
  42  3:55  Probe  
  46  4:17  Probe  
  46  4:18  Observer  
  46  4:19  Probe  
  46  4:22  Pylon  
  45  4:29  Probe  
  46  4:31  Probe  
  46  4:34  Sentry x2, Stalker, Warp Prism  
  53  4:39  Assimilator  
  53  4:42  Probe, Assimilator  
  53  4:43  Probe  
  56  4:54  Probe  
  56  4:55  Probe  
  56  4:59  Pylon  
  58  5:02  Twilight Council  
  58  5:06  Probe  
  59  5:07  Probe  
  59  5:09  Stalker  
  62  5:16  Adept x2  
  62  5:18  Probe  
  62  5:21  Pylon  
  68  5:24  Probe (Chrono Boost)  
  69  5:30  Probe (Chrono Boost)  
  69  5:36  Probe (Chrono Boost)  
  69  5:41  Probe (Chrono Boost)  
  71  5:42  Blink (Chrono Boost), Immortal  
  71  5:46  Probe (Chrono Boost)  
  76  5:52  Probe  
  77  6:01  Nexus  
  77  6:03  Probe  
  78  6:06  Probe  
  79  6:11  Stargate  
  79  6:13  Pylon  
  79  6:15  Probe  
  80  6:20  Probe  
  85  6:27  Probe  
  85  6:32  Probe  
  85  6:34  Dark Shrine  
  85  6:35  Immortal  
  85  6:37  Pylon  
  88  6:44  Probe  
  89  6:49  Gateway  
  89  6:50  Gateway  
  87  6:55  Phoenix (Chrono Boost)  
  87  6:57  Stalker x2  
  93  7:05  Pylon, Stalker  
  95  7:14  Probe, Immortal  
  100  7:16  Probe  
  100  7:17  Probe  
  102  7:30  Pylon  
  102  7:32  Probe  
  102  7:34  Probe x2  
  105  7:43  Probe, Gateway x2  
  105  7:47  Gateway x2  
  105  7:49  Probe  
  107  7:54  Probe  
  107  7:57  Dark Templar x3  
  114  7:59  Charge, Probe, Dark Templar  
  117  8:06  Assimilator x2  
  117  8:09  Immortal  
  119  8:35  Dark Templar  
  119  8:36  Stalker x4  
  129  8:46  Archon  
  129  8:47  Archon  
  129  8:49  Stalker x3  
  129  8:54  Nexus  
  129  8:55  Pylon  
  135  9:06  Pylon  
  135  9:17  Stalker x6  
  135  9:18  Stalker  
  135  9:21  Pylon  
  135  9:22  Pylon  
  135  9:24  Pylon  
  135  9:41  Stalker x6  
  145  9:49  Observer, Oracle (Chrono Boost)  
  126  10:00  Probe x2  
Tags
 
Add a new tag
Caveats
  • Supply blocks, unpowered buildings, or Contaminate may cause inaccurate times.
  • Supply counts are checked every 10 seconds.